 Dungeon Crawl Stone Soup version 0.30.1 (webtiles) character file.

Game seed: 12602331164036327763

268 Graphine the Sneak (level 6, -2/37 HPs)
             Began as a Kobold Brigand on July 3, 2023.
             Slain by Duvessa
             ... wielding a +0 short sword
              (14 damage)
             ... on level 4 of the Dungeon.
             The game lasted 00:04:58 (3196 turns).

Graphine the Sneak (Kobold Brigand)                 Turns: 3196, Time: 00:04:59

Health: -2/37      AC:  4    Str:  9    XL:     6   Next: 45%
Magic:  6/6        EV: 16    Int: 12    God:
Gold:   146        SH:  0    Dex: 18    Spells: 5/5 levels left

rFire   + . .        p - +4 dagger
rCold   + . .        (no shield)
rNeg    . . .        b - +0 robe
rPois   .            (no helmet)
rElec   .            c - +0 cloak
rCorr   .            (no gloves)
SInv    .            n - +0 pair of boots
Will    .....        (no amulet)
Stlth   +++++        f - ring of protection from cold
HPRegen 0.26/turn    k - ring of protection from fire
MPRegen 0.10/turn

%: no passive effects
@: mighty
A: small, no large weapons, nightstalker 3
a: no special abilities


You were on level 4 of the Dungeon.
You visited 1 branch of the dungeon, and saw 4 of its levels.

You collected 146 gold pieces.

Inventory:

Hand Weapons
 a - a +3 dagger
 p - a +4 dagger (weapon)
 v - a +0 rapier
Missiles
 d - 11 poisoned darts (quivered)
 e - 3 curare-tipped darts
Armour
 b - a +0 robe (worn)
 c - a +0 cloak (worn)
 n - a +0 pair of boots (worn)
Jewellery
 f - a ring of protection from cold (left hand)
 i - a +6 ring of intelligence
 k - a ring of protection from fire (right hand)
Scrolls
 o - a scroll of identify
Potions
 h - 3 potions of curing
 j - 4 potions of heal wounds {unknown}
 m - a potion of resistance {unknown}
 q - a potion of haste {unknown}
 r - a potion of degeneration {unknown}
 s - a potion of invisibility {unknown}
 t - a potion of flight {unknown}


   Skills:
 + Level 3.2 Fighting
 * Level 4.9 Short Blades
 - Level 2.1 Throwing
 * Level 4.0 Dodging
 * Level 7.0 Stealth


You had 5 spell levels left.
You didn't know any spells.
Your spell library contained the following spells:

 Spells                   Type           Power      Damage    Failure   Level
 Beastly Appendage        Tmut           0%         N/A       32%         1
 Sandblast                Erth           0%         2d4       32%         1
 Passwall                 Tmut/Erth      0%         N/A       45%         2
 Wereblood                Tmut           0%         N/A       45%         2
 Spider Form              Tmut/Pois      0%         N/A       69%         3
 Stone Arrow              Conj/Erth      0%         3d7       69%         3


Dungeon Overview and Level Annotations

Branches:
Dungeon (4/15)
 Temple: D:4-7

Altars:
Wu Jian

Shops:
D:2 :

Annotations:
D:4 Duvessa


Innate Abilities, Weirdness & Mutations

You are small and have problems with some larger weapons.
You are completely attuned to the shadows.


Message History

You hit the adder.
You kill the adder!
No target in view!
Found 2 javelins.
No target in view!
No target in view!
You see here 2 javelins.
You now have 146 gold pieces (gained 13).
Dowan, Brother of Duvessa comes into view.
He is wielding a +0 dagger.
Duvessa, Sister of Dowan comes into view.
She is wielding a +0 short sword and wearing a +3 ring mail of positive energy.
Found a stone.
The helpless Dowan fails to defend himself.
You skewer Dowan like a kebab!!!
You kill Dowan!
Duvessa weeps, and shakes her weapon @at_foe@.
Duvessa goes berserk!
Your Dodging skill increases to level 4!
Your Stealth skill increases to level 7!
Okay, then.
As you read the scroll of fog, it crumbles to dust.
The scroll dissolves into smoke.
Duvessa hits you with a +0 short sword! Duvessa barely misses you.
Okay, then.
It was a potion of might.
You feel very mighty all of a sudden. Duvessa hits you with a +0 short sword!
* * * LOW HITPOINT WARNING * * *
Okay, then.
Duvessa misses you.
Okay, then.
Okay, then.
Okay, then.
You completely miss Duvessa. Duvessa misses you.
You hit Duvessa.
Duvessa is lightly wounded.
Duvessa completely misses you.
You hit Duvessa but do no damage.
Duvessa is lightly wounded.
Duvessa hits you with a +0 short sword!
You die...

### ##.## ..(.##
######## .....##
###..§§§§## ......#
##.#.##§§§.. .....##
##....##@#.##
....#####.....##e# #
##............§§§§§#
##########.########
# #.# # #.# # ##
##'## # .# ##...##
#.. # .## ##.....##
##.# #


You could see Duvessa (berserk).

Vanquished Creatures
  Dowan (D:4)
  4 orc wizards
  4 adders
  3 dart slugs
  9 orcs
  5 bats
  6 endoplasms
  2 giant cockroaches (D:3)
  9 hobgoblins
  4 jackals (D:4)
  5 quokkas
  4 ball pythons
  5 goblins
  3 kobolds
  6 rats
70 creatures vanquished.

Notes
Turn   | Place    | Note
-------+----------+-------------------------------------------
     0 | D:1      | Graphine the Kobold Brigand began the quest for the Orb.
     0 | D:1      | Reached XP level 1. HP: 12/12 MP: 1/1
   125 | D:1      | Reached XP level 2. HP: 17/17 MP: 2/2
   451 | D:1      | Found a faded altar of an unknown god.
   683 | D:1      | Reached XP level 3. HP: 22/22 MP: 3/3
  1012 | D:2      | Found Jeraxul's Book Shoppe.
  1317 | D:2      | Reached skill level 6 in Stealth
  1317 | D:2      | Reached XP level 4. HP: 27/27 MP: 4/4
  1495 | D:3      | Reached XP level 5. HP: 6/31 MP: 5/5
  2690 | D:4      | Found an ornate altar of the Wu Jian Council.
  2942 | D:4      | Reached XP level 6. HP: 33/37 MP: 6/6
  3186 | D:4      | Noticed Dowan
  3189 | D:4      | Noticed Duvessa
  3190 | D:4      | Killed Dowan
  3191 | D:4      | Reached skill level 7 in Stealth
  3196 | D:4      | Slain by Duvessa

Illustrated notes

Levels and vault maps discovered:
D:1:      dpeg_arrival_arbitrary_a, layout_basic,
          dreamdust_ecumenical_altar_grove
D:2:      layout_rooms, serial_shops, nicolae_book_shop_shelving
D:3:      layout_loops_corners, serial_forest, infiniplex_forest_straight_1,
          infiniplex_forest_fountain, infiniplex_forest_clump_diagonal,
          infiniplex_forest_clump_long, infiniplex_forest_corner_1,
          infiniplex_forest_lined_2
D:4:      layout_loops_corners, lemuel_crystal_altar,
          gammafunk_temple_overflow_statue, uniq_edmund, uniq_duvessa

Skill      XL: |  1  2  3  4  5  6 |
---------------+-------------------+-----
Short Blades   | 3 4 |  4.9
Dodging        | 2 3 4 |  4.0
Stealth        | 6 7 |  7.0
Fighting       | 3 |  3.2
Throwing       | |  2.1

Action                     |  1- 3 |  4- 6 || total
---------------------------+-------+-------++-------
  Melee: Dagger            |    57 |   143 ||   200
  Throw: Dart              |       |     3 ||     3
    Use: Scroll            |     2 |     8 ||    10
         Potion            |       |     1 ||     1
   Stab: Sleeping          |    15 |    19 ||    34
 Armour: Robe              |     3 |    14 ||    17
  Dodge: Dodged            |    29 |    76 ||   105
